 Dungeon Crawl Stone Soup version 0.30-a0-439-g9e77e4d916 (webtiles) character file.

Game seed: 2195691362000918570

601331 Thrasha the Invulnerable (level 25, -14/255 HPs)
             Began as a Minotaur Berserker on Nov 9, 2021.
             Was the Champion of Trog.
             Killed from afar by a hellion (20 damage)
             ... with damnation
             ... in Pandemonium on Dec 10, 2022.
             The game lasted 13:22:51 (65461 turns).

Thrasha the Invulnerable (Minotaur Berserker)      Turns: 65461, Time: 13:22:52

Health: -14/255    AC: 36    Str: 33    XL:     25   Next: 97%
Magic:  31/31      EV: 19    Int:  6    God:    Trog [******]
Gold:   842        SH: 20    Dex: 14    Spells: 24/24 levels left

rFire   + + +      SeeInvis +    b - +14 obsidian axe {vorpal, Mesm Drain Fly SInv}
rCold   + . .      Faith    +    x - +5 kite shield {reflect}
rNeg    + + +      Spirit   .    j - +11 plate armour of Subjectivity {rElec rF+}
rPois   +          Reflect  +    A - -2 hat of the Alchemist {rElec rPois rF+ rC+ rN+ Will+ rMut rCorr}
rElec   +          Harm     .    e - +2 cloak of the Thief {*Fog Slay-2 SInv Stlth+}
rCorr   +          Rampage  +    I - +0 pair of gloves of Precision Catastrophes {Rampage Int+4 Stlth-}
rMut    +                        W - +2 pair of boots {Stlth+}
Will    +++++                    E - amulet of Hest {Faith Drain rPois rN+++ Stlth+}
Stlth   ..........               O - ring "Plog" {rElec rF+++ MP+9 Dex+2 Stlth-}
HPRegen 2.42/turn                c - ring "Zuakih" {Fly Will++ Str+3 Int-2}
MPRegen 0.22/turn

@: silenced, strong-willed, flying, mesmerised, regenerating, studying Shields
A: horns 2, retaliatory headbutt, deformed body, strong-willed 1, regeneration
1, electricity resistance, weak 1
}: 4/15 runes: decaying, serpentine, slimy, silver
a: Renounce Religion


You were in Pandemonium.
You worshipped Trog.
Trog was exalted by your worship.
You visited 12 branches of the dungeon, and saw 51 of its levels.
You visited Pandemonium 1 time, and saw 1 of its levels.
You visited the Abyss 1 time.
You also visited: Gauntlet and Ice Cave.

You collected 7539 gold pieces.
You spent 6697 gold pieces at shops.

Inventory:

Hand Weapons
 a - the +9 broad axe "Rofioq" {antimagic, rC++ Str+5 Int-5}
   (You acquired it on level 2 of the Vaults)

   It reduces the magical energy of the wielder, and disrupts the spells and
   magical abilities of those it strikes.
   Natural abilities and divine invocations are not affected.
   Str:       It affects your strength (+5).
   Int:       It affects your intelligence (-5).
   rC:        It greatly protects you from cold.
 b - the +14 obsidian axe (weapon) {vorpal, Mesm Drain Fly SInv}
   (Trog gifted it to you on level 2 of the Crypt)

   It inflicts extra damage upon your enemies.
   It occasionally summons demons to assist the wielder when it strikes in
   combat.
   Its wielder is mesmerised by any visible foes.
   It cannot be unequipped while any foes are visible.
   SInv:      It lets you see invisible.
   Fly:       It grants you flight.
   Drain:     It drains your maximum health when unequipped.
Missiles
 Z - 19 silver javelins
Armour
 e - the +2 cloak of the Thief (worn) {*Fog Slay-2 SInv Stlth+}
   (You found it on level 3 of the Crypt)

   It may release a thick cloud of smoke when the wearer is hurt.
   Slay:      It affects your accuracy & damage with ranged weapons and melee
   (-2).
   SInv:      It lets you see invisible.
   Stlth:     It makes you more stealthy.
 j - the +11 plate armour of Subjectivity (worn) {rElec rF+}
   (You found it on level 1 of the Swamp)

   rF:        It protects you from fire.
   rElec:     It insulates you from electricity.
 x - a +5 kite shield of reflection (worn)
 A - the -2 hat of the Alchemist (worn) {rElec rPois rF+ rC+ rN+ Will+ rMut rCorr}
   (You found it on level 4 of the Vaults)

   rF:        It protects you from fire.
   rC:        It protects you from cold.
   rElec:     It insulates you from electricity.
   rPois:     It protects you from poison.
   rN:        It protects you from negative energy.
   rCorr:     It protects you from acid and corrosion.
   rMut:      It protects you from mutation.
   Will:      It increases your willpower.
 I - the +0 pair of gloves of Precision Catastrophes (worn) {Rampage Int+4 Stlth-}
   (You found it on level 8 of the Dungeon)

   Int:       It affects your intelligence (+4).
   Rampage:   It bestows one free step when moving towards enemies.
   Stlth:     It makes you less stealthy.
 M - a +2 cloak of willpower
 W - a +2 pair of boots of stealth (worn)
Jewellery
 c - the ring "Zuakih" (right hand) {Fly Will++ Str+3 Int-2}
   (You found it on level 5 of the Pits of Slime)

   [ring of flight]

   Str:       It affects your strength (+3).
   Int:       It affects your intelligence (-2).
   Fly:       It grants you flight.
   Will:      It greatly increases your willpower.
 n - the ring "Essapp" {rPois rF+ Str-2 Int+6 Dex+4}
   (You acquired it on level 5 of the Pits of Slime)

   [ring of intelligence]

   Str:       It affects your strength (-2).
   Int:       It affects your intelligence (+6).
   Dex:       It affects your dexterity (+4).
   rF:        It protects you from fire.
   rPois:     It protects you from poison.
 s - the ring "Afastrac" {Wiz rN+ Dex+6}
   (You took it off a vault sentinel on level 5 of the Vaults)

   [ring of wizardry]

   It improves your spell success rate.
   Dex:       It affects your dexterity (+6).
   rN:        It protects you from negative energy.
 t - the amulet of the Air {Inacc Air Fly rElec RMsl}
   (You found it on level 3 of the Elven Halls)

   [amulet of nothing]

   It reduces the accuracy of all your attacks.
   It enhances your air magic.
   rElec:     It insulates you from electricity.
   Fly:       It grants you flight.
   RMsl:      It protects you from missiles.
 y - the ring "Xaped" {Ice rN++ rCorr SInv Stlth+}
   (You bought it in a shop on level 1 of the Elven Halls)

   [ring of ice]

   It enhances your ice magic.
   rF:        It makes you vulnerable to fire.
   rC:        It protects you from cold.
   rN:        It greatly protects you from negative energy.
   SInv:      It lets you see invisible.
   rCorr:     It protects you from acid and corrosion.
   Stlth:     It makes you more stealthy.
 E - the amulet of Hest (around neck) {Faith Drain rPois rN+++ Stlth+}
   (You bought it in a shop on level 1 of the Elven Halls)

   [amulet of faith]

   It allows you to gain divine favour quickly.
   rPois:     It protects you from poison.
   rN:        It renders you almost immune to negative energy.
   Drain:     It drains your maximum health when unequipped.
   Stlth:     It makes you more stealthy.
 K - the amulet of Tyraipti {Spirit +Inv rPois Regen+ Dex-4}
   (You found it on level 2 of the Swamp)

   [amulet of guardian spirit]

   It causes incoming damage to be divided between your reserves of health and
   magic.
   Dex:       It affects your dexterity (-4).
   rPois:     It protects you from poison.
   +Inv:      It lets you turn invisible.
   Regen:     It increases your rate of health regeneration.
 O - the ring "Plog" (left hand) {rElec rF+++ MP+9 Dex+2 Stlth-}
   (You took it off a tengu warrior on level 1 of the Depths)

   [ring of magical power]

   Dex:       It affects your dexterity (+2).
   rF:        It renders you almost immune to fire.
   rElec:     It insulates you from electricity.
   MP:        It affects your magic capacity (+9).
   Stlth:     It makes you less stealthy.
Wands
 h - a wand of digging (7)
 l - a wand of polymorph (6)
 q - a wand of charming (39)
 D - a wand of acid (11)
 G - a wand of mindburst (55)
 H - a wand of paralysis (18)
 P - a wand of iceblast (37)
Scrolls
 d - 4 scrolls of magic mapping
 g - 11 scrolls of teleportation
 k - 3 scrolls of enchant weapon
 m - a scroll of enchant armour
 p - a scroll of holy word
 r - 2 scrolls of blinking
 u - 7 scrolls of fear
 v - a scroll of identify
 w - 4 scrolls of fog
 J - 2 scrolls of silence
 Y - 2 scrolls of immolation
Potions
 f - 12 potions of curing
 i - 3 potions of magic
 C - 2 potions of lignification
 F - 4 potions of mutation
 R - a potion of ambrosia
 S - a potion of haste
 U - a potion of heal wounds
Miscellaneous
 o - a box of beasts
 z - the horn of Geryon (inert)
 B - a piece from Xom's chessboard (14/15)
 L - a phial of floods (inert)
 N - a tin of tremorstones (1/2)
 Q - a condenser vane (inert)
 V - a phantom mirror (inert)
 X - a lightning rod (2/4)


   Skills:
 + Level 26.4 Fighting
 - Level 19.5(20.0) Axes
 - Level 6.9(14.4) Maces & Flails
 O Level 27 Armour
 + Level 24.4 Dodging
 * Level 19.3 Shields
 - Level 15.0 Evocations


You had 24 spell levels left.
You didn't know any spells.
Your spell library was empty.

Dungeon Overview and Level Annotations

Branches:
Dungeon (15/15)            Temple (1/1) D:4            Lair (6/6) D:11
  Swamp (4/4) Lair:3        Snake (4/4) Lair:4        Slime (5/5) Lair:6
    Orc (2/2) D:11            Elf (3/3) Orc:2        Vaults (5/5) D:13
  Crypt (3/3) Vaults:3       Tomb (0/3) Crypt:3      Depths (2/4) D:15
   Hell (visited)           IceCv (visited)         Gauntlet (visited)
    Dis: Hell:1         Geh: Hell:1         Coc: Hell:1         Tar: Hell:1

Altars:
Ashenzari
Cheibriados
Dithmenos
Elyvilon
Fedhas
Gozag
Hepliaklqana
Kikubaaqudgha
Makhleb
Nemelex Xobeh
Okawaru
Qazlal
Ru
Sif Muna
Trog
Uskayaw
Vehumet
Wu Jian
Xom
Yredelemnul
Zin
The Shining One
Jiyva

Shops:
D:1 ?   D:9 [[*?[   D:11 (   D:15 *   Orc:2 :[:*(   Elf:1 =:=*(   Elf:2 [
Snake:1 ?   Vaults:5 [

Portals:
Hell: Depths:1 Depths:2
Abyss: Depths:1
Pandemonium: Depths:2
Ziggurat: Depths:1


Innate Abilities, Weirdness & Mutations

You have a pair of horns on your head.
You reflexively headbutt those who attack you in melee.
Armour fits poorly on your strangely shaped body.
You are strong-willed. (Will+)
Your natural rate of healing is unusually fast.
You are resistant to electric shocks. (rElec)
You are weak. (Str -2)


Message History

The hellion is engulfed in blazing flames.
The hellion gestures at you.
The sphere of damnation explodes!
The damnation engulfs you!!
The hellephant blinks!
The hellion is engulfed in blazing flames. x2
The hellion gestures at you.
The sphere of damnation explodes!
The damnation engulfs you!!
Okay, then.
You are too injured to fight recklessly!
You rampage towards the hellion!
You block the hellion's attack.
The hellion is engulfed in blazing flames.
The hellion gestures at you.
The sphere of damnation explodes!
The damnation engulfs you!!
* * * LOW HITPOINT WARNING * * *
The damnation engulfs the hellion.
The hellion completely resists.
The hellion is engulfed in blazing flames.
The hellion gestures at you.
The sphere of damnation explodes!
The damnation engulfs you!!
* * * LOW HITPOINT WARNING * * *
The damnation engulfs the hellion.
The hellion completely resists.
The hellion is engulfed in blazing flames.
You kill the hellion!
Trog accepts your kill. The hellion gestures at you.
The sphere of damnation explodes!
The damnation engulfs you!!
* * * LOW HITPOINT WARNING * * *
With a swish of your cloak, you release a cloud of fog.
The damnation engulfs the hellion.
The hellion completely resists.
The hellion is engulfed in blazing flames.
You kill the hellion!
Trog accepts your kill.
You feel much better.
The hellion is engulfed in blazing flames.
The hellion gestures at you.
The sphere of damnation explodes!
The damnation engulfs you!!
* * * LOW HITPOINT WARNING * * *
The damnation engulfs the hellion.
The hellion completely resists.
The hellion gestures at you.
The sphere of damnation explodes!
The damnation engulfs you!!
You die...

.# ##.## #.# #....# #..
.# ##.## #.## #§§§.# #..
.# ##§####..# #§§§.# #..
.# ##......#####§§§.# #..
.# #§§§≈≈§§...§§§§.# #..
.# #..§≈§≈§§§≈.§§§§T.#
#..
.#####§.≈≈≈≈§§§§§§§§T§§§#
###
.......≈3§≈≈§§2§§§§§§§§.#
.####..≈≈≈≈§.§§§@§§≈≈...#
.# #≈≈≈≈≈...§§2§§§≈≈...#
.# #≈≈§≈....φ222§§§≈≈..#
.# ≈≈§≈≈.):.~222§≈§≈..#
.# #.≈≈≈≈≈...Y§§≈§≈≈≈..#
.####.≈≈≈≈≈≈..~§§≈≈≈....#
.......≈≈§≈≈..§≈≈≈≈≈....#
#......≈≈≈≈≈§≈≈≈§≈≈. ...
#.........≈≈§§§≈≈


You could see 8 hellions.

Vanquished Creatures
  A dread lich (Crypt:2)
  Sojobo (Vaults:4)
  Saint Roka (Vaults:4)
  the Lernaean hydra (Swamp:4)
  Bai Suzhen (Swamp:4)
  A pandemonium lord (Pan)
  6 golden dragons
  Nikola (Swamp:4)
  2 profane servitors (Crypt:3)
  2 bone dragons
  The ghost of Bisiv the Eclecticist, an adept DjCj of Makhleb (Depths:1)
  A shard shrike zombie (Crypt:1)
  Rupert (Orc:1)
  2 liches
  Jorgrun (Orc:1)
  3 titans
  Asterion (Snake:3)
  A deep elf master archer (Elf:3)
  2 quicksilver dragons
  4 tentacled monstrosities
  3 deep elf blademasters
  Gastronok (D:9)
  4 sphinxes
  3 ancient champions (Crypt:1)
  20 acid blobs
  A thorn hunter (Swamp:4)
  2 Executioners (Pan)
  2 storm dragons (Vaults:5)
  2 shadow dragons
  The ghost of dricus the Fighter, an adept GnWn of Hepliaklqana (Swamp:2)
  14 azure jellies
  9 tengu reavers
  Donald (Orc:2)
  14 rockslimes
  2 revenants
  10 nagarajas
  7 fire giants
  7 frost giants
  An iron dragon (Vaults:5)
  3 balrugs
  Louise (Swamp:3)
  2 orc warlords
  4 deep elf sorcerers
  A curse skull (Crypt:2)
  2 caustic shrike zombies
  5 deep elf elementalists
  11 vault wardens
  The ghost of Avanven the Wrestler, a journeyman TrMo of Okawaru (D:14)
  11 ghouls
  A spriggan defender (Depths:2)
  15 very ugly things
  Aizul (Snake:1)
  2 juggernaut zombies
  2 reapers
  9 stone giants
  2 war gargoyles
  13 quicksilver oozes
  17 ironbound preservers
  2 vampire knights
  10 deep elf demonologists
  4 deep elf annihilators
  Nessos (D:14)
  A minotaur (Gauntlet)
  A yellow draconian (Abyss:4)
  An entropy weaver (Vaults:5)
  Azrael (D:14)
  2 demonspawn black suns (Pan)
  4 lorocyprocas
  3 spark wasps
  12 ettins
  6 bunyips
  2 blizzard demons
  8 eidola
  5 deep elf death magi
  Snorg (Orc:2)
  3 crystal guardians (Vaults:4)
  2 eleionomae (Swamp:4)
  A mummy priest (Crypt:3)
  4 deep elf high priests
  3 green deaths
  7 fire dragons
  15 jiangshi
  2 shambling mangroves
  15 great orbs of eyes
  10 yaktaur captains
  A quicksilver dragon zombie (Hell)
  8 ice dragons
  17 naga warriors
  4 rakshasas
  25 hydras
  2 salamander tyrants
  2 fenstrider witch zombies
  27 vault guards
  A spriggan air mage (Depths:1)
  A juggernaut simulacrum (D:14)
  3 ghost crabs
  8 anacondas
  3 ironbound thunderhulks
  8 boulder beetles
  6 ironbound frosthearts
  6 death knights
  2 ogre magi (D:15)
  A spectral sphinx (D:14)
  3 peacekeepers (Vaults:4)
  8 death yaks
  12 two-headed ogres
  Erica (D:8)
  14 centaur warriors
  20 dancing weapons
  5 alligators
  A spectral fire giant (D:14)
  A satyr (shapeshifter) (Vaults:5)
  4 tengu warriors
  2 deep troll shamans
  10 vampire magi
  4 hell hogs (Hell)
  An orc high priest (Orc:2)
  7 naga sharpshooters
  4 deep troll earth magi
  2 spriggan berserkers
  Urug (Lair:5)
  2 thrashing horrors (Abyss:4)
  12 shock serpents
  A shock serpent (shapeshifter) (Vaults:5)
  3 soul eaters
  12 sun demons
  7 hell knights
  13 deep elf knights
  2 storm dragon zombies
  2 wretched stars
  3 sixfirhies (Pan)
  A titan skeleton (Vaults:4)
  5 salamander mystics
  17 skeletal warriors
  3 goliath frogs
  A death drake (Abyss:4)
  A shadow wraith (Vaults:3)
  2 spatial maelstroms (Abyss:4)
  54 deep trolls
  2 iron trolls
  3 flayed ghosts
  An anaconda zombie (Crypt:3)
  12 deep elf archers
  20 swamp dragons
  A tengu zombie (Hell)
  7 necromancers
  4 orc knights
  8 naga ritualists
  5 spriggan druids
  19 phantasmal warriors
  9 wizards
  A sphinx zombie (Hell)
  A golden dragon skeleton (Crypt:1)
  5 harpies (Vaults:1)
  3 bog bodies
  A mana viper (shapeshifter) (Vaults:5)
  2 frost giant zombies (Hell)
  12 ironbound convokers
  5 lindwurms
  2 shadow dragon skeletons
  27 deep elf zephyrmancers
  6 orc sorcerers
  8 cyclopes
  10 mana vipers
  5 will-o-the-wisps
  A cyclops (shapeshifter) (Elf:2)
  2 stone giant zombies
  4 manticores
  23 deep elf pyromancers
  40 ugly things
  4 fire giant zombies (Hell)
  4 shining eyes
  A salamander (shapeshifter) (Abyss:4)
  26 salamanders
  18 elephants
  A moth of wrath (Swamp:2)
  2 dire elephant zombies (Crypt:3)
  8 guardian serpents
  28 black mambas
  2 rust devils
  15 vault sentinels
  2 molten gargoyles (Lair:6)
  2 orange demons (Abyss:4)
  A torpor snail (Lair:5)
  3 ice statues
  26 naga magi
  Maggie (D:9)
  A centaur zombie (D:11)
  A yellow draconian zombie (Crypt:2)
  2 eyes of devastation (Slime:2)
  2 gargoyles
  12 smoke demons
  13 cane toads
  24 yaktaurs
  8 hellions (Pan)
  6 demonic crawlers (Pan)
  An unseen horror (D:11)
  6 hellwings (Pan)
  4 rime drakes
  2 efreet
  4 tengu conjurers
  10 komodo dragons
  4 anaconda simulacra
  A freezing wraith (Crypt:3)
  A guardian mummy (Crypt:3)
  A kobold demonologist (D:13)
  2 spriggan zombies
  2 entropy weaver simulacra (IceCv)
  7 ice devils
  2 ancient zymes (Abyss:4)
  A yellow draconian skeleton (Crypt:1)
  8 trolls
  A harpy zombie (Crypt:3)
  A meliai (shapeshifter) (Vaults:5)
  5 polar bears
  A spectral glowing shapeshifter (D:14)
  11 raiju (Abyss:4)
  4 jumping spiders (Lair:4)
  10 tyrant leeches
  13 hornets
  22 blink frogs
  82 slime creatures
  A dream sheep (shapeshifter) (Vaults:1)
  3 ettin zombies
  A meliai zombie (D:10)
  4 starcursed masses (Abyss:4)
  6 dream sheep
  An ettin skeleton (Depths:1)
  An alligator zombie (Hell)
  A merfolk zombie (Crypt:3)
  Sigmund (D:2)
  5 large abominations
  5 flying skulls (Crypt:1)
  5 water elementals
  6 spriggans
  A shadow (D:13)
  A vampire (D:11)
  A tarantella (Lair:4)
  6 wyverns
  A spriggan skeleton (Depths:1)
  4 air elementals (Elf:1)
  4 fire bats
  59 yaks
  10 wraiths
  An elf simulacrum (Vaults:4)
  An ushabti (Crypt:3)
  4 dire elephant simulacra (IceCv)
  6 fire elementals
  A tyrant leech zombie (Crypt:2)
  21 humans (D:13)
  Grum (Lair:1)
  7 ynoxinuls (Pan)
  14 golden eyes
  6 basilisks
  5 neqoxecs
  4 steam dragons
  Menkaure (D:7)
  2 wargs (Orc:1)
  43 nagas
  5 vampire mosquitoes
  A harpy simulacrum (IceCv)
  An acid dragon (D:8)
  Duvessa (D:6)
  2 human zombies
  A water nymph zombie (Crypt:1)
  A naga zombie (Crypt:3)
  16 swamp worms
  5 spatial vortices (Abyss:4)
  15 water moccasins
  4 small abominations
  A floating eye (Slime:3)
  7 hell hounds
  36 orc warriors
  An ice beast (D:5)
  A snapping turtle zombie (Crypt:2)
  10 swamp drakes
  A sky beast (D:7)
  2 boggarts (Depths:1)
  A black bear (Lair:1)
  18 ogres
  A dream sheep zombie (Crypt:2)
  9 wolves
  15 necrophages
  11 centaurs
  A kobold brigand (D:9)
  A rime drake skeleton (Crypt:2)
  A scorpion (D:5)
  5 naga simulacra
  A draconian skeleton (Crypt:2)
  16 bullfrogs
  A cane toad simulacrum (IceCv)
  4 wyvern skeletons (Crypt:3)
  A water moccasin zombie (D:6)
  Dowan (D:6)
  2 elephant simulacra
  19 killer bees
  4 wights (D:6)
  2 electric eels
  A howler monkey (D:7)
  4 crimson imps (D:13)
  9 lava snakes
  A bullfrog zombie (D:6)
  3 jellies
  Crazy Yiuf (D:3)
  5 hounds
  3 iguanas
  23 orc priests
  A basilisk zombie (Crypt:2)
  A scorpion zombie (D:5)
  23 orc wizards
  4 hell rats
  3 polar bear simulacra
  3 spriggan simulacra
  2 troll simulacra
  2 killer bee zombies
  A wolf simulacrum (IceCv)
  A tengu skeleton (Crypt:2)
  A mummy (Crypt:3)
  A howler monkey zombie (D:10)
  4 gnolls (D:6)
  A howler monkey skeleton (D:6)
  10 river rats (Lair:2)
  7 adders
  3 shadow imps (Gauntlet)
  2 white imps
  2 ufetubi
  An adder skeleton (D:4)
  4 dart slugs
  65 orcs
  5 ball pythons
  5 endoplasms
  3 giant cockroaches
  9 goblins
  9 hobgoblins
  3 jackals
  3 quokkas
  6 bats
  4 frilled lizards
  12 kobolds
  A kobold skeleton (Crypt:1)
  An orc skeleton (Crypt:2)
  2 rats
  A river rat skeleton (Crypt:1)
2126 creatures vanquished.

Vanquished Creatures (collateral kills)
  the Royal Jelly (Slime:5)
  A dread lich (Hell)
  Geryon (Hell)
  2 golden dragons (Vaults:5)
  Mlioglotl (Swamp:1)
  An acid blob (Slime:3)
  A deep elf sorcerer (Vaults:5)
  3 vault wardens
  A frost giant (Vaults:5)
  A reaper (Hell)
  2 ironbound preservers
  A juggernaut skeleton (Depths:1)
  A deep elf annihilator (Vaults:5)
  2 eidola (Crypt:3)
  A blizzard demon (Hell)
  2 ettins
  A deep elf high priest (Vaults:5)
  3 vault guards
  A hell beast (Pan)
  An ice dragon (Hell)
  An ogre mage (Vaults:5)
  A death knight (Crypt:3)
  A tengu warrior (Depths:1)
  2 titan zombies (Crypt:3)
  2 sun demons (Hell)
  A soul eater (Hell)
  A phantasmal warrior (Crypt:3)
  A wolf spider (shapeshifter) (Vaults:5)
  2 deep elf pyromancers (Vaults:5)
  An iron dragon zombie (Hell)
  A stone giant zombie (Depths:1)
  A rust devil (Hell)
  2 vault sentinels (Vaults:5)
  5 smoke demons (Pan)
  A rime drake (Lair:1)
  3 yaktaurs (Vaults:5)
  A demonic crawler (Pan)
  A freezing wraith (Hell)
  2 hellwings (Pan)
  A large abomination (Pan)
  An ettin zombie (Hell)
  A hydra skeleton (Hell)
  2 slime creatures
  3 ynoxinuls (Pan)
  3 wraiths (Crypt:3)
  A fire bat (Pan)
  A hell hound (Hell)
  An orc warrior (Vaults:4)
  A wyvern skeleton (Crypt:3)
73 creatures vanquished.

Vanquished Creatures (others)
  A deep elf master archer (Elf:3)
  A fire giant (Vaults:5)
  A deep elf elementalist (Elf:3)
  A naga warrior (Snake:4)
  A deep elf knight (Elf:2)
  A skeletal warrior (Crypt:1)
  A deep troll (Vaults:5)
  An ironbound convoker (Vaults:2)
  A deep elf zephyrmancer (Elf:1)
  An ugly thing (D:13)
  2 ynoxinuls (Pan)
  A fire bat (Pan)
  A naga (Snake:4)
  A swamp worm (Swamp:3)
  2 hell rats (Hell)
  A block of ice (Pan)
  18 foxfires
  40 fungi
  102 plants
  20 withered plants (Crypt:3)
198 creatures vanquished.

Grand Total: 2397 creatures vanquished

Notes
Turn   | Place    | Note
-------+----------+-------------------------------------------
     0 | D:1      | Thrasha the Minotaur Berserker began the quest for the Orb.
     0 | D:1      | Reached XP level 1. HP: 19/19 MP: 0/0
   228 | D:1      | Reached XP level 2. HP: 23/27 MP: 1/1
   267 | D:1      | Found a faded altar of an unknown god.
   480 | D:1      | Found Mas Siwk's Magic Scroll Emporium.
   569 | D:1      | You fall into a shaft and drop 1 floor!
   594 | D:2      | Noticed Sigmund
   613 | D:2      | Killed Sigmund
   614 | D:2      | Reached skill level 3 in Armour
   614 | D:2      | Reached XP level 3. HP: 34/34 MP: 2/2
   614 | D:2      | Reached XP level 4. HP: 41/41 MP: 3/3
   614 | D:2      | Reached XP level 5. HP: 47/47 MP: 4/4
   715 | D:2      | Reached ** piety under Trog
  1461 | D:1      | Bought a scroll of teleportation for 33 gold pieces
  1461 | D:1      | Bought a scroll of identify for 22 gold pieces
  2345 | D:3      | Reached skill level 1 in Maces & Flails
  2345 | D:3      | Reached XP level 6. HP: 44/53 MP: 5/5
  2497 | D:3      | Found a runed translucent door.
  2498 | D:3      | Noticed Crazy Yiuf
  2576 | D:3      | Killed Crazy Yiuf
  2853 | D:4      | Reached *** piety under Trog
  2953 | D:4      | Found a staircase to the Ecumenical Temple.
  3377 | D:4      | Reached skill level 5 in Maces & Flails
  3377 | D:4      | Reached XP level 7. HP: 60/60 MP: 6/6
  3515 | Temple   | Entered the Ecumenical Temple
  3826 | D:5      | Entered Level 5 of the Dungeon
  4041 | D:5      | Reached skill level 4 in Armour
  4076 | D:5      | Reached skill level 5 in Fighting
  4215 | D:5      | Found a glowing silver altar of Zin.
  4346 | D:5      | Reached XP level 8. HP: 69/69 MP: 7/7
  4769 | D:6      | Noticed Duvessa
  4770 | D:6      | Reached skill level 5 in Armour
  4771 | D:6      | Noticed Dowan
  4884 | D:6      | Reached skill level 5 in Dodging
  5237 | D:6      | Killed Dowan
  5245 | D:6      | Killed Duvessa
  5246 | D:6      | Reached skill level 6 in Armour
  5705 | D:7      | Noticed a gargoyle
  5813 | D:7      | Reached XP level 9. HP: 71/79 MP: 8/8
  5855 | D:7      | Killed a gargoyle
  5856 | D:7      | Reached skill level 7 in Armour
  5953 | D:7      | Reached skill level 1 in Evocations
  6011 | D:7      | Noticed Menkaure
  6021 | D:7      | Killed Menkaure
  6611 | D:7      | Noticed a cyclops
  6627 | D:7      | Killed a cyclops
  6628 | D:7      | Reached skill level 8 in Armour
  6840 | D:8      | You fall into a shaft and drop 1 floor!
  6938 | D:8      | Noticed a death knight
  6960 | D:8      | Killed a death knight
  6961 | D:8      | Reached XP level 10. HP: 46/91 MP: 9/9
  6996 | D:8      | Identified the +0 pair of gloves of Precision Catastrophes
                  | {Rampage Int+4 Stlth-}
  7019 | D:8      | Noticed a two-headed ogre
  7026 | D:8      | Killed a two-headed ogre
  7027 | D:8      | Reached skill level 5 in Evocations
  7076 | D:8      | Noticed Erica
  7085 | D:8      | Killed Erica
  7086 | D:8      | Reached skill level 9 in Armour
  7190 | D:8      | Reached **** piety under Trog
  7668 | D:9      | Noticed Maggie
  7766 | D:9      | Reached skill level 10 in Fighting
  7936 | D:9      | Found Gaxkemeps's Armour Boutique.
  7941 | D:9      | Bought a +2 cloak of willpower for 236 gold pieces
  8029 | D:9      | Found Bookhaj's Magic Scroll Shop.
  8033 | D:9      | Bought a scroll of fear for 56 gold pieces
  8053 | D:9      | Reached XP level 11. HP: 96/99 MP: 10/10
  8108 | D:9      | Found Qeokeibi's General Store.
  8118 | D:9      | Bought a scroll of blinking for 82 gold pieces
  8194 | D:9      | Found Miedwehieps's Antique Armour Boutique.
  8293 | D:9      | Found Pyistok's Armour Boutique.
  8330 | D:9      | Noticed Gastronok
  8363 | D:9      | Killed Gastronok
  8545 | D:9      | Killed Maggie
  8546 | D:9      | Reached skill level 10 in Armour
  8815 | D:10     | Entered Level 10 of the Dungeon
  9001 | D:10     | Reached skill level 10 in Axes
  9532 | D:11     | Found Qalut's Weapon Boutique.
  9538 | D:11     | Noticed a two-headed ogre
  9554 | D:10     | Killed a two-headed ogre
  9555 | D:10     | Reached skill level 10 in Dodging
  9716 | D:11     | Found a staircase to the Lair.
  9786 | D:11     | Noticed a two-headed ogre
  9792 | D:11     | Killed a two-headed ogre
  9792 | D:11     | Reached ***** piety under Trog
 10233 | D:11     | Found a staircase to the Orcish Mines.
 10488 | Lair:1   | Entered Level 1 of the Lair of Beasts
 10559 | Lair:1   | Reached XP level 12. HP: 107/107 MP: 11/11
 10612 | Lair:1   | Noticed a six-headed hydra
 10654 | Lair:1   | Killed a six-headed hydra
 10797 | Lair:1   | Identified the ring of Sub Xiwk {Fly rF+ rN+ Will- Dex+2}
 10899 | Lair:1   | Noticed Grum
 10914 | Lair:1   | Killed Grum
 11180 | Lair:1   | Received a gift from Trog
 11181 | Lair:1   | Reached skill level 15 in Axes
 11608 | D:9      | Bought a runed buckler for 277 gold pieces
 11931 | Lair:2   | Reached skill level 1 in Shields
 12049 | Lair:2   | Noticed a death yak
 12052 | Lair:2   | Noticed a death yak
 12053 | Lair:2   | Noticed a death yak
 12061 | Lair:2   | Killed a death yak
 12070 | Lair:2   | Killed a death yak
 12072 | Lair:2   | Killed a death yak
 12499 | Lair:2   | Noticed a four-headed hydra
 12509 | Lair:2   | Killed a ten-headed hydra
 13136 | Lair:3   | Found a staircase to the Swamp.
 13229 | Lair:3   | Noticed a seven-headed hydra
 13240 | Lair:3   | Killed a seven-headed hydra
 13241 | Lair:3   | Reached XP level 13. HP: 97/114 MP: 12/12
 13796 | Lair:3   | Found an ancient bone altar of Kikubaaqudgha.
 14081 | Lair:4   | Found a runed translucent door.
 14419 | Lair:4   | Received a gift from Trog
 14420 | Lair:4   | Reached skill level 11 in Armour
 14428 | Lair:4   | Found a staircase to the Snake Pit.
 14661 | D:9      | Bought a glowing tower shield for 277 gold pieces
 15347 | Lair:4   | Identified the +3 whip "Oratoh" {flame, Dex+3}
 15365 | Lair:4   | Found a runed translucent gate.
 15365 | Lair:4   | Found a runed translucent gate.
 15365 | Lair:4   | Found a runed translucent gate.
 15365 | Lair:4   | Found a runed translucent gate.
 15365 | Lair:4   | Found a runed translucent gate.
 15365 | Lair:4   | Found a runed translucent gate.
 15659 | Lair:4   | Upgraded the game from 0.28-a0-821-g923ab73998 to
                  | 0.28-a0-823-gb444dcf96d
 16098 | Lair:5   | Noticed Urug
 16193 | Lair:5   | Killed Urug
 16221 | Lair:5   | Reached XP level 14. HP: 126/126 MP: 13/13
 16680 | Lair:6   | Entered Level 6 of the Lair of Beasts
 16699 | Lair:6   | Reached skill level 12 in Armour
 17249 | Lair:6   | Reached ****** piety under Trog
 17449 | Lair:6   | Found a large runed translucent door.
 17462 | Lair:6   | Found a large runed translucent door.
 17915 | Lair:6   | Found a staircase to the Slime Pits.
 18549 | D:12     | Found a gate leading to a gauntlet.
 18563 | Gauntlet | Entered a Gauntlet
 18563 | Gauntlet | Found a transporter.
 18563 | Gauntlet | Found a transporter.
 18586 | Gauntlet | Found a transporter.
 18587 | Gauntlet | Found a transporter.
 18588 | Gauntlet | Found a large runed translucent door.
 18589 | Gauntlet | Found a large runed translucent door.
 18590 | Gauntlet | Found a large runed translucent door.
 18590 | Gauntlet | Found a runed translucent door.
 18590 | Gauntlet | Found a large runed translucent door.
 18591 | Gauntlet | Found a large runed translucent door.
 18592 | Gauntlet | Found a large runed translucent door.
 18593 | Gauntlet | Found a large runed translucent door.
 18593 | Gauntlet | Found a large runed translucent door.
 18594 | Gauntlet | Found a runed translucent gate.
 18595 | Gauntlet | Found a runed translucent gate.
 18597 | Gauntlet | Found a transporter.
 18599 | Gauntlet | Found a transporter.
 18609 | Gauntlet | Found a transporter.
 18629 | Gauntlet | Found a transporter.
 18630 | Gauntlet | Found the +3 hat of Pondering {ponderous, Will+ MP+10
                  | Int+5}
 18644 | Gauntlet | Found a transporter.
 18647 | Gauntlet | Found a transporter.
 18651 | Gauntlet | Found a runed translucent door.
 18655 | Gauntlet | Found a transporter.
 18658 | Gauntlet | Found a transporter.
 18685 | Gauntlet | Found a large runed translucent door.
 18686 | Gauntlet | Found a large runed translucent door.
 18687 | Gauntlet | Found a large runed translucent door.
 18687 | Gauntlet | Found a large runed translucent door.
 18687 | Gauntlet | Found a runed translucent door.
 18688 | Gauntlet | Found a large runed translucent door.
 18689 | Gauntlet | Found a large runed translucent door.
 18690 | Gauntlet | Found a large runed translucent door.
 18690 | Gauntlet | Found a large runed translucent door.
 18691 | Gauntlet | Found a runed translucent door.
 18691 | Gauntlet | Found a runed translucent gate.
 18860 | Gauntlet | Identified the +8 great sword of Ratih {speed, Int+3}
 18867 | Gauntlet | Reached skill level 13 in Armour
 19122 | Gauntlet | Found the +4 moon troll leather armour {Spirit, Regen++
                  | MP+5}
 19857 | Orc:1    | Entered Level 1 of the Orcish Mines
 19897 | Orc:1    | Upgraded the game from 0.28-a0-823-gb444dcf96d to
                  | 0.28-a0-834-g1a73be5ee4
 20037 | Orc:1    | Noticed Jorgrun
 20071 | Orc:1    | Killed Jorgrun
 20267 | Orc:1    | Paralysed by an orc sorcerer for 2 turns
 20454 | Orc:2    | Entered Level 2 of the Orcish Mines
 20455 | Orc:2    | Noticed Rupert
 20478 | Orc:1    | Killed Rupert
 20479 | Orc:1    | Reached XP level 15. HP: 134/134 MP: 14/14
 20508 | Orc:1    | Received a gift from Trog
 20527 | Orc:2    | Noticed an orc warlord
 20734 | Orc:1    | Killed an orc warlord
 20735 | Orc:1    | Reached skill level 5 in Shields
 20846 | Orc:2    | Reached skill level 10 in Evocations
 21104 | Orc:2    | Found Kiosmix's Antique Weapon Shop.
 21246 | Orc:2    | Noticed Snorg
 21271 | Orc:2    | Killed Snorg
 21428 | Orc:2    | Found Boesotoi's Self-Improvement Boutique.
 21702 | Orc:2    | Noticed Donald
 21715 | Orc:2    | Killed Donald
 21889 | Orc:2    | Found a staircase to the Elven Halls.
 21926 | Orc:2    | Found Giashu's Book Shop.
 21942 | Orc:2    | Found Tuavyshae's General Store.
 21964 | Orc:2    | Found Vonilyr's Antique Armour Shop.
 22464 | Swamp:1  | Entered Level 1 of the Swamp
 22500 | Swamp:1  | Noticed Mlioglotl
 22532 | Swamp:1  | Noticed a tentacled starspawn
 22533 | Swamp:1  | Killed Mlioglotl
 22680 | Swamp:1  | Identified the +11 plate armour of Subjectivity {rElec rF+}
 22979 | Swamp:1  | Identified the +5 arbalest of Fionost {penet, rF+ Str+2
                  | Int-5 Dex+4}
 23709 | Swamp:2  | Reached skill level 10 in Shields
 24083 | Swamp:2  | Found a transporter.
 24106 | Swamp:2  | Found a transporter.
 24179 | Swamp:2  | Noticed dricus's ghost (adept GnWn)
 25189 | Swamp:2  | Killed dricus's ghost
 25191 | Swamp:2  | Identified the amulet of Tyraipti {Spirit +Inv rPois Regen+
                  | Dex-4}
 25580 | Swamp:3  | Identified the +2 robe of Ecerr {rC- MP+9 Stlth+ Archmagi}
 25590 | Swamp:3  | Reached XP level 16. HP: 138/145 MP: 15/15
 26121 | Swamp:3  | Noticed Louise
 26166 | Swamp:3  | Killed Louise
 26257 | Swamp:4  | Entered Level 4 of the Swamp
 26257 | Swamp:4  | Noticed a thorn hunter
 26272 | Swamp:4  | Killed a thorn hunter
 26370 | Swamp:4  | Noticed Bai Suzhen
 26383 | Swamp:4  | Killed Bai Suzhen
 26384 | Swamp:4  | Reached skill level 15 in Shields
 26449 | Swamp:4  | Identified the +11 falchion of the Pit {elec, rElec rC+
                  | Int+4}
 26494 | Swamp:4  | Noticed a tentacled monstrosity
 26511 | Swamp:4  | Killed a tentacled monstrosity
 26592 | Swamp:4  | Received a gift from Trog
 26815 | Swamp:4  | Reached skill level 14 in Armour
 26834 | Swamp:4  | Noticed Nikola
 26858 | Swamp:4  | Killed Nikola
 27014 | Swamp:4  | Noticed the 27-headed Lernaean hydra
 27025 | Swamp:4  | Killed the 27-headed Lernaean hydra
 27099 | Swamp:4  | Got a decaying rune of Zot
 27687 | D:1      | Bought a scroll of enchant weapon for 82 gold pieces
 27687 | D:1      | Bought 2 scrolls of enchant armour for 165 gold pieces
 27687 | D:1      | Bought a scroll of blinking for 82 gold pieces
 27687 | D:1      | Bought a scroll of immolation for 38 gold pieces
 27928 | Orc:2    | Bought a glowing war axe for 175 gold pieces
 28288 | Snake:1  | Entered Level 1 of the Snake Pit
 28519 | Snake:1  | Noticed Aizul
 28555 | Snake:1  | Killed Aizul
 28711 | Snake:1  | Found Siofouv's Magic Scroll Shop.
 29173 | Snake:1  | Reached skill level 15 in Fighting
 29574 | Snake:2  | Reached XP level 17. HP: 156/156 MP: 16/16
 29591 | Snake:2  | Received a gift from Trog
 29629 | Snake:2  | Reached skill level 15 in Armour
 30757 | Snake:3  | Noticed Asterion
 30787 | Snake:3  | Killed Asterion
 30903 | Snake:3  | Reached skill level 15 in Dodging
 31339 | Snake:3  | Received a gift from Trog
 31621 | Snake:4  | Entered Level 4 of the Snake Pit
 32290 | Snake:4  | Reached XP level 18. HP: 117/170 MP: 17/17
 32291 | Snake:4  | Received a gift from Trog
 33053 | Snake:4  | Identified the +0 pair of boots of Hepliaklqana's Pride
                  | {Int+2}
 33196 | Snake:4  | Got a serpentine rune of Zot
 33805 | Elf:1    | Entered Level 1 of the Elven Halls
 33937 | Elf:1    | Found Zatysazu's Jewellery Boutique.
 33938 | Elf:1    | Found Qeafyamn's Book Shoppe.
 33939 | Elf:1    | Found Hiekipu's Jewellery Boutique.
 33949 | Elf:1    | Bought the ring "Xaped" {Ice rN++ rCorr SInv Stlth+} for
                  | 826 gold pieces
 34949 | Elf:1    | Received a gift from Trog
 34999 | Elf:1    | Found Imeets's Assorted Antiques.
 35111 | Elf:1    | Paralysed by an air elemental for 1 turns
 35345 | Elf:1    | Found Moelezum's Weapon Shop.
 35427 | Elf:1    | Paralysed by an air elemental for 1 turns
 35502 | Elf:1    | Paralysed by an air elemental for 1 turns
 36477 | Elf:2    | Found a runed translucent gate.
 36477 | Elf:2    | Found a runed translucent gate.
 36481 | Elf:2    | Found a runed translucent gate.
 36574 | Elf:2    | Identified the +6 broad axe of the Middle {vorpal, Dex+3}
                  | (Trog gifted it to you on level 2 of the Elven Halls)
 36574 | Elf:2    | Received a gift from Trog
 36578 | Elf:2    | Found Micasen's Armour Shop.
 37133 | Elf:2    | Cast into level 4 of the Abyss (+3 bardiche of distortion)
 37286 | Abyss:4  | Reached XP level 19. HP: 183/183 MP: 18/18
 37479 | Abyss:4  | Received a gift from Trog
 37642 | Abyss:4  | Noticed a bone dragon
 37663 | Abyss:4  | Killed a bone dragon
 37679 | Abyss:4  | Noticed a hellephant
 37696 | Abyss:4  | Noticed a profane servitor
 37738 | Abyss:4  | Noticed a profane servitor
 37809 | Elf:2    | Escaped the Abyss
 37965 | Elf:2    | Reached skill level 15 in Evocations
 38220 | Elf:3    | Entered Level 3 of the Elven Halls
 38348 | Elf:3    | Gained mutation: You are occasionally teleported next to
                  | monsters. [a cacodemon]
 38576 | Elf:3    | Identified the +8 great sword "Ryelog" {vorpal, Contam
                  | rCorr SInv}
 38577 | Elf:3    | Identified the +6 short sword of Hubris {holy, *Noise rC+
                  | Int+3 Dex+8}
 38580 | Elf:3    | Reached skill level 16 in Armour
 38584 | Elf:3    | Received a gift from Trog
 38585 | Elf:3    | Noticed a Tzitzimitl
 38836 | Elf:3    | Upgraded the game from 0.28-a0-834-g1a73be5ee4 to
                  | 0.28-a0-850-g09de17f5b5
 38974 | Elf:3    | Found the +8 arc blade {discharge, rElec}
 38990 | Elf:3    | Identified the +4 chain mail of Recklessness {rPois Will+
                  | Regen+}
 38998 | Elf:3    | Found the amulet of the Air {Inacc Air Fly rElec RMsl}
 39009 | Elf:3    | Identified the +3 shortbow of the Shallot {freeze, rElec
                  | Str+2 Dex+5}
 39010 | Elf:3    | Identified the +5 hunting sling of Extinguishment {venom,
                  | rN+ Will+ Dex+2}
 39587 | Slime:1  | Entered Level 1 of the Pits of Slime
 39649 | Slime:1  | Reached skill level 17 in Armour
 40137 | Slime:4  | Gained mutation: You are weak. (Str -2) [a shining eye]
 40140 | Slime:4  | Lost mutation: You are weak. (Str -2) [potion of mutation]
 40140 | Slime:4  | Lost mutation: You are occasionally teleported next to
                  | monsters. [potion of mutation]
 40140 | Slime:4  | Gained mutation: You are dopey. (Int -2) [potion of
                  | mutation]
 40140 | Slime:4  | Gained mutation: You have sharp fingernails. [potion of
                  | mutation]
 40214 | Slime:4  | Received a gift from Trog
 40226 | Slime:4  | Reached XP level 20. HP: 163/176 MP: 19/19
 40446 | Slime:5  | Entered Level 5 of the Pits of Slime
 40511 | Slime:5  | Reached skill level 18 in Armour
 40795 | Slime:5  | Noticed the Royal Jelly
 40817 | Slime:5  | Found a viscous altar of Jiyva.
 41003 | Slime:5  | Gained mutation: Your body sometimes deteriorates upon
                  | taking damage. [a shining eye]
 41010 | Slime:5  | Gained mutation: You sometimes lose your temper in combat.
                  | [a shining eye]
 41012 | Slime:5  | Gained mutation: You occasionally lose the ability to read
                  | scrolls when taking damage. [a shining eye]
 41192 | Slime:5  | Lost mutation: You have sharp fingernails. [potion of
                  | mutation]
 41192 | Slime:5  | Lost mutation: Your body sometimes deteriorates upon taking
                  | damage. [potion of mutation]
 41192 | Slime:5  | Lost mutation: You sometimes lose your temper in combat.
                  | [potion of mutation]
 41192 | Slime:5  | Gained mutation: You are agile. (Dex +4, Str/Int -1)
                  | [potion of mutation]
 41192 | Slime:5  | Gained mutation: You have a pair of large horns on your
                  | head. [potion of mutation]
 41193 | Slime:5  | Lost mutation: You occasionally lose the ability to read
                  | scrolls when taking damage. [potion of mutation]
 41193 | Slime:5  | Lost mutation: You are dopey. (Int -2) [potion of mutation]
 41193 | Slime:5  | Lost mutation: You have a pair of large horns on your head.
                  | [potion of mutation]
 41193 | Slime:5  | Gained mutation: You sometimes lose your temper in combat.
                  | [potion of mutation]
 41193 | Slime:5  | Gained mutation: You are strong-willed. (Will+) [potion of
                  | mutation]
 42896 | Slime:5  | Killed the Royal Jelly
 43067 | Slime:5  | Identified the ring "Zuakih" {Fly Will++ Str+3 Int-2}
 43129 | Slime:5  | Got a slimy rune of Zot
 43378 | Slime:5  | Identified the +1 pair of gloves "Biadux" {Harm rN+ Dex-5}
 43384 | Slime:5  | Identified the +2 halberd of the Beginning {elec, Will+}
 43391 | Slime:5  | Identified the +6 falchion "Hoomuth" {vamp, *Corrode rC++
                  | Dex+4}
 43402 | Slime:5  | Identified the +1 scale mail "Geiwn" {rPois Str+4 Int+4
                  | Dex+4}
 43425 | Slime:5  | Lost mutation: You sometimes lose your temper in combat.
                  | [potion of mutation]
 43425 | Slime:5  | Lost mutation: You are agile. (Dex +4, Str/Int -1) [potion
                  | of mutation]
 43425 | Slime:5  | Gained mutation: Armour fits poorly on your strangely
                  | shaped body. [potion of mutation]
 43425 | Slime:5  | Gained mutation: You are resistant to electric shocks.
                  | (rElec) [potion of mutation]
 43425 | Slime:5  | Gained mutation: Your natural rate of healing is unusually
                  | fast. [potion of mutation]
 43430 | Slime:5  | Identified a scroll of acquirement
 43436 | Slime:5  | Acquired the ring "Essapp" {rPois rF+ Str-2 Int+6 Dex+4}
 43844 | D:9      | Bought a scroll of teleportation for 48 gold pieces
 43844 | D:9      | Bought a scroll of teleportation for 48 gold pieces
 43844 | D:9      | Bought a scroll of enchant armour for 120 gold pieces
 43844 | D:9      | Bought a scroll of teleportation for 48 gold pieces
 43844 | D:9      | Bought a scroll of silence for 120 gold pieces
 44008 | Orc:2    | Bought a manual of Dodging for 1040 gold pieces
 44145 | D:13     | Found a frozen archway.
 44165 | IceCv    | Entered an ice cave
 44435 | IceCv    | Reached skill level 19 in Armour
 44908 | D:13     | Found a gate to the Vaults.
 44971 | D:13     | Found a shimmering altar of Xom.
 45368 | D:14     | Noticed Nessos
 45376 | D:14     | Killed Nessos
 45504 | D:14     | Found a runed translucent gate.
 45505 | D:14     | Found a runed translucent gate.
 45510 | D:14     | Found a runed translucent gate.
 45592 | D:14     | Received a gift from Trog
 45687 | D:14     | Noticed Azrael
 45695 | D:14     | Killed Azrael
 46101 | D:14     | Noticed Avanven's ghost (journeyman TrMo)
 46118 | D:14     | Killed Avanven's ghost
 46243 | D:15     | Entered Level 15 of the Dungeon
 46263 | D:15     | Found Oqoi's General Store.
 46276 | D:15     | Bought a scroll of blinking for 142 gold pieces
 46499 | D:15     | Found a sparkling altar of Nemelex Xobeh.
 46891 | D:15     | Found a staircase to the Depths.
 47310 | Vaults:1 | Entered Level 1 of the Vaults
 47444 | Vaults:1 | Reached XP level 21. HP: 203/203 MP: 20/20
 47535 | Vaults:1 | Reached skill level 20 in Armour
 48042 | Vaults:1 | Received a gift from Trog
 49360 | Vaults:2 | Acquired the +9 broad axe "Rofioq" {antimagic, rC++ Str+5
                  | Int-5}
 49955 | Vaults:3 | Received a gift from Trog
 50695 | Vaults:3 | Found a staircase to the Crypt.
 50966 | Vaults:3 | Upgraded the game from 0.28-a0-850-g09de17f5b5 to
                  | 0.28-a0-852-gbbce81c95b
 51083 | Vaults:4 | Reached XP level 22. HP: 217/217 MP: 10/21
 51485 | Vaults:4 | Noticed Sojobo
 51498 | Vaults:4 | Killed Sojobo
 51500 | Vaults:4 | Noticed Saint Roka
 51510 | Vaults:4 | Killed Saint Roka
 51569 | Vaults:4 | Received a gift from Trog
 51660 | Vaults:4 | Reached skill level 21 in Armour
 52004 | Vaults:4 | Found a radiant altar of Vehumet.
 52004 | Vaults:4 | Found the -2 hat of the Alchemist {rElec rPois rF+ rC+ rN+
                  | Will+ rMut rCorr}
 52006 | Vaults:4 | Found the +5 robe of Misfortune {Contam Harm *Corrode Drain
                  | *Slow EV+5}
 52273 | Vaults:4 | Identified the +1 hat "Xuhixik" {Will+}
 52836 | Elf:2    | Bought the +2 ratskin cloak {*Rats rPois rN+ Str-1 Int-1
                  | Dex+1} for 583 gold pieces
 52836 | Elf:2    | Found the +2 ratskin cloak {*Rats rPois rN+ Str-1 Int-1
                  | Dex+1}
 53254 | Crypt:1  | Entered Level 1 of the Crypt
 53478 | Crypt:1  | Received a gift from Trog
 54357 | Crypt:2  | Upgraded the game from 0.28-a0-852-gbbce81c95b to
                  | 0.28-a0-862-g58c29a6370
 54379 | Crypt:2  | Noticed a dread lich
 54391 | Crypt:2  | Killed a dread lich
 54688 | Crypt:2  | Received a gift from Trog
 54688 | Crypt:2  | Found the +14 obsidian axe {vorpal, Mesm Drain Fly SInv}
 55052 | Crypt:3  | Entered Level 3 of the Crypt
 55108 | Crypt:3  | Found the +5 scythe "Finisher" {speed, eviscerate}
 55117 | Crypt:3  | Identified the ring "Dauc" {Will+ Dex+5 Stlth+}
 55223 | Crypt:3  | Reached skill level 22 in Armour
 55277 | Crypt:3  | Found a staircase to the Tomb.
 55376 | Crypt:3  | Found a basalt altar of Yredelemnul.
 55479 | Crypt:3  | Reached XP level 23. HP: 217/229 MP: 20/22
 55502 | Crypt:3  | Reached XP level 24. HP: 239/239 MP: 22/22
 55565 | Crypt:3  | Found the +2 cloak of the Thief {*Fog Slay-2 SInv Stlth+}
 55631 | Crypt:3  | Identified the +6 spear of Armageddon {flame, rF+}
 55633 | Crypt:3  | Identified the +2 leather armour "Miynnac" {rF+ Dex+4}
 55990 | Crypt:3  | Received a gift from Trog
 56727 | Vaults:5 | Entered Level 5 of the Vaults
 56734 | Vaults:5 | Reached skill level 23 in Armour
 56815 | Vaults:5 | Reached skill level 24 in Armour
 56853 | Vaults:5 | Received a gift from Trog
 57111 | Vaults:5 | Reached skill level 25 in Armour
 57353 | Vaults:5 | Found Xuusturya's Armour Emporium.
 57610 | Vaults:5 | Received a gift from Trog
 57617 | Vaults:5 | Reached skill level 26 in Armour
 57673 | Vaults:5 | Identified the ring of Faxkip {rC+ Dex+4}
 57676 | Vaults:5 | Identified the amulet "Hoodoag" {Spirit rElec Str+4}
 57734 | Vaults:5 | Identified the +1 ring mail of Resonance {+Blink}
 57859 | Vaults:5 | Got a silver rune of Zot
 58089 | Vaults:5 | Identified the ring "Afastrac" {Wiz rN+ Dex+6}
 58259 | Vaults:5 | Reached XP level 25. HP: 245/249 MP: 22/22
 58264 | Vaults:5 | Identified the +1 leather armour "Miaqah" {rElec rC+ Dex+2}
 58583 | Depths:1 | Entered Level 1 of the Depths
 58617 | Depths:1 | Found a one-way gate to the infinite horrors of the Abyss.
 58761 | Depths:1 | Found a blossoming altar of Fedhas.
 58799 | Depths:1 | Found a gateway to Hell.
 58859 | Depths:1 | Reached skill level 27 in Armour
 58861 | Depths:1 | Found a gateway to a ziggurat.
 58899 | Depths:1 | Received a gift from Trog
 59279 | Depths:1 | Found a runed translucent gate.
 59280 | Depths:1 | Found a runed translucent gate.
 59282 | Depths:1 | Found a runed translucent gate.
 59282 | Depths:1 | Noticed Bisiv's ghost (adept DjCj)
 59285 | Depths:1 | Identified the ring "Plog" {rElec rF+++ MP+9 Dex+2 Stlth-}
 59335 | Depths:1 | Killed Bisiv's ghost
 59449 | Depths:1 | Identified the +2 cloak of Absence {+Inv rF- Dex+7}
 59450 | Depths:1 | Upgraded the game from 0.28-a0-862-g58c29a6370 to
                  | 0.30-a0-424-g7412bad402
 59818 | Hell     | Entered the Vestibule of Hell
 59818 | Hell     | Noticed Geryon
 59844 | Hell     | Received a gift from Trog
 59855 | Hell     | Noticed a dread lich
 59877 | Hell     | Killed Geryon
 59883 | Hell     | Killed a dread lich
 59937 | Depths:1 | Upgraded the game from 0.30-a0-424-g7412bad402 to
                  | 0.30-a0-439-g9e77e4d916
 59999 | Depths:1 | Found a one-way gate to the infinite horrors of the Abyss.
 60000 | Depths:1 | Found a blossoming altar of Fedhas.
 60106 | Depths:1 | Found a one-way gateway to a ziggurat.
 60205 | Depths:1 | Found a gateway to Hell.
 60980 | Orc:2    | Found a staircase to the Elven Halls.
 60995 | Orc:2    | Found Giashu's Book Shop.
 61006 | Orc:2    | Found Vonilyr's Antique Armour Shop.
 61016 | Orc:2    | Found Kiosmix's Antique Weapon Shop.
 61025 | Orc:2    | Found Tuavyshae's General Store.
 61056 | Orc:2    | Found Boesotoi's Self-Improvement Boutique.
 61322 | Elf:1    | Bought the amulet of Hest {Faith Drain rPois rN+++ Stlth+}
                  | for 1041 gold pieces
 61895 | D:1      | Bought a scroll of teleportation for 33 gold pieces
 61895 | D:1      | Bought a scroll of fog for 44 gold pieces
 62200 | Orc:2    | Bought a manual of Shields for 1040 gold pieces
 62447 | Snake:1  | Bought a scroll of teleportation for 39 gold pieces
 62949 | Depths:2 | Identified the +9 hand crossbow of the Middle {elec,
                  | Will++}
 63044 | Depths:2 | Received a gift from Trog
 63460 | Depths:2 | Found a hazy altar of Hepliaklqana.
 63601 | Depths:2 | Found a one-way gate leading to the halls of Pandemonium.
 63927 | Pan      | Entered Pandemonium
 64188 | Pan      | Noticed Ufustrug the pandemonium lord
 64188 | Pan      | Received a gift from Trog
 64345 | Pan      | Killed Ufustrug the pandemonium lord
 64708 | Pan      | Gained mutation: You are weak. (Str -2) [a neqoxec]
 65460 | Pan      | HP: 6/255 [hellion/damnation (31)]
 65461 | Pan      | Killed from afar by a hellion

Illustrated notes

Levels and vault maps discovered:
D:1:      roderic_crop_circles_arrival_small, layout_loops_ring,
          hellmonk_ecumenical_altar_defaced_shrine, serial_shops, shop
D:2:      layout_rooms, st_stairs_12, minmay_diced_spiral, uniq_sigmund
D:3:      layout_loops_cross, chequers_serial_rivers_small_a,
          uniq_crazy_yiuf_cottage
D:4:      layout_gridville, minmay_temple_entry_ruins
D:5:      layout_loops_ring, general_overflow_altar, kennysheep_generic_room_11
D:6:      layout_rooms, uniq_duvessa
D:7:      layout_loops_ring, minmay_three_doors, uniq_menkaure
D:8:      layout_gridville, uniq_erica
D:9:      layout_cave_pods, serial_shops, kennysheep_mini_moat,
          nicolae_square_shop, shop, shop_statue, kennysheep_little_box,
          uniq_maggie, uniq_gastronok
D:10:     layout_long_grid, minmay_quadrilaterals
D:11:     layout_rooms, lair_entry_dummy, david_orc_4, serial_shops,
          nicolae_stop_n_shop_1
D:12:     layout_basic, gauntlet_entry_generic
D:13:     layout_cave_pools, grunt_vaults_entry_tiered,
          portal_ice_cave_entry_ice_simulacra, small_chamber_with_monster,
          led_xom_imps
D:14:     layout_irregular_city, gammafunk_ghost_necromancy, uniq_nessos,
          uniq_azrael
D:15:     grunt_enter_depths_hoard, layout_gridville, serial_shops, shop_coins,
          minmay_misc_feat_doors, nemelex_spade_bored_becter
Temple:   regret_index_temple_sigil_plot
Lair:1:   layout_cave_pods, serial_bayou_shore_b, grunt_megastairs_5,
          lemuel_fruit_fields, infiniplex_staircase_pool_2, uniq_grum
Lair:2:   layout_chaotic_city, kennysheep_rathole, lemuel_fruit_tree,
          grunt_megastairs_4, serial_bayou_shore_a
Lair:3:   layout_cave_pods, swamp_mist_pool, lemuel_centaur_altar
Lair:4:   gammafunk_indiana_jones, layout_gridlike, guppyfry_snake_entry_garden
Lair:5:   layout_regular_city, infiniplex_staircase_pool, uniq_urug
Lair:6:   cheibrodos_lair_end_hotspot, layout_loops_ring,
          dpeg_slime_entry_corner, st_stairs_12
Swamp:1:  layout_basic_swamp, evilmike_swamp_ruin_house_1, swamp_pool4,
          kb_tengu_band, uniq_mlioglotl
Swamp:2:  layout_falls_marsh, gammafunk_ghost_berserking_beasts,
          nicolae_swamp_dense_foliage, swamp_pool1
Swamp:3:  layout_basic_swamp, serial_swamp_ruin, evilmike_swamp_ruin_rubble_1,
          evilmike_swamp_ruin_house_2, evilmike_swamp_ruin_rubble_2,
          st_swamp_ruins_1, uniq_louise
Swamp:4:  swamp_old_school, layout_basic_swamp, swamp_pool3, uniq_nikola,
          uniq_bai_suzhen
Snake:1:  layout_chambers, serial_shops, nicolae_shop_behind_doors, st_stairs_7,
          uniq_aizul
Snake:2:  nicolae_aizul_guard, layout_onion
Snake:3:  layout_layer_cave, uniq_asterion
Snake:4:  snake_pit, layout_cave_pods
Slime:1:  layout_caves, nicolae_slime_ancient_tower_intersection
Slime:2:  layout_caves
Slime:3:  layout_caves
Slime:4:  layout_caves
Slime:5
Orc:1:    layout_diamond_mine, uniq_jorgrun
Orc:2:    grunt_orc_cross, layout_caves, nicolae_shop_self_help, uniq_snorg,
          uniq_donald, uniq_rupert
Elf:1:    nicolae_elf_arrival_fired_up, layout_geoelf_diagonals, serial_shops,
          shop, shop, hangedman_elven_crosses_minicolossus,
          minmay_checkered_concentric_circles, grunt_megastairs_1,
          lemuel_upstairs_altar, minmay_shop_grove
Elf:2:    elven_hall_of_blades_hangedman_original [mumra_blade_entry_dagger],
          layout_loops_ring, serial_shops, shop, minmay_crystal_room,
          nicolae_elf_big_sculpture_3
Elf:3:    elf_hall, layout_loops_ring, minivault_19
Vaults:1: ontoclasm_vaults_chip, ontoclasm_vaults_chip,
          nicolae_vaults_circle_grid_a, v_misc_5,
          nicolae_vaults_stairing_the_circle, ontoclasm_vaults_twist, v_misc_12,
          nicolae_vaults_diagonal_hallway_9, v_rooms_4, v_misc_17,
          vaults_mumra_chevron, v_misc_17, ontoclasm_vaults_ligature,
          vaults_room_grid, layout_vaults_ring
Vaults:2: v_misc_23, v_misc_12, nicolae_vaults_circle_grid_a,
          ontoclasm_vaults_claustrophobia, nicolae_vaults_inception_scallops,
          v_misc_4, v_rooms_4, hangedman_vaults_nails,
          nicolae_vaults_fighting_squares, vaults_room_large_hall,
          grunt_vaults_hallway_short, nicolae_vaults_specimen_jars,
          v_alt_pattern_4, vaults_dpeg_encased_lava, layout_vaults_big_cross
Vaults:3: blue_anna_dwarven_crypt, grunt_vaults_twisty, vaults_mumra_lcd,
          nicolae_vaults_border_crossing, grunt_vaults_diagonal,
          vaults_mumra_hex, vaults_room_pools, vaults_dpeg_ring,
          dpeg_vaults_monster_box, layout_vaults_quadrants
Vaults:4: vaults_mumra_hexcomb, nicolae_vaults_ring_of_whatevers,
          ontoclasm_vaults_decontamination, v_misc_12,
          ontoclasm_vaults_misaligned, vaults_dpeg_doors,
          ontoclasm_vaults_gateway, grunt_tower_of_power, vaults_dpeg_cross,
          layout_vaults_omnibox, uniq_sojobo, uniq_saint_roka
Vaults:5: uniq_margery
Crypt:1:  layout_gridlike, st_small_mortuary
Crypt:2:  layout_catacombs, grunt_ministairs_15
Crypt:3:  evilmike_haunted_forest
Depths:1: layout_cave_shapes, enter_ziggurat_f, gammafunk_ghost_tricky_traps,
          grunt_metal_band, nicolae_abyss_entry_one_way_or_another,
          kennysheep_donut, minmay_strange_pillars, serial_bayou_lagoon_a,
          fedhas_altar_1, grunt_megastairs_2, firewood_loft
Depths:2: minmay_the_grid_plus [minmay_the_grid_mess, minmay_the_grid_paths,
          minmay_the_grid_holed_spiral, minmay_the_grid_pillar_ring,
          minmay_the_grid_prize_inner_circle], layout_gridlike, pan_entry,
          hell_entry, serial_rivers, chequers_serial_rivers_micro_c,
          chequers_serial_rivers_room_b, chequers_serial_rivers_room_b,
          chequers_serial_rivers_room_b, chequers_serial_rivers_large_a,
          chequers_serial_rivers_room_b, nzn_hepliaklqana_mist_gate,
          minmay_misc_feat_tiny, serial_bayou_shore_b
Hell
Pan:      lemuel_hellion_island, layout_cellular_growth

Skill      XL: |  1  2  3  4  5  6  7  8  9 10 11 12 13 14 15 16 17 18 19 20 21 22 23 24 25 |
---------------+----------------------------------------------------------------------------+-----
Axes           | 4 6 8 13 16 17 19 | 19.5
Fighting       | 4 5 7 9 10 12 13 15 17 19 20 22 24 25 26 | 26.4
Armour         | 3 4 6 8 9 10 11 13 14 15 17 19 20 22 26 27 | 27.0
Dodging        | 3 4 6 7 8 10 11 12 13 14 15 17 20 23 24 | 24.4
Maces & Flails | 1 5 6 |  6.9
Evocations     | 4 5 7 9 10 12 14 15 | 15.0
Shields        | 4 13 15 19 | 19.3

Action                   |  1- 3 |  4- 6 |  7- 9 | 10-12 | 13-15 | 16-18 | 19-21 | 22-24 | 25-27 || total
-------------------------+-------+-------+-------+-------+-------+-------+-------+-------+-------++-------
Melee: Hand axe          |    41 |    87 |       |       |       |       |       |       |       ||   128
       Headbutt          |     5 |    19 |    56 |   101 |   327 |   400 |   445 |   332 |   155 ||  1840
       Flail             |       |    44 |   236 |    13 |     4 |       |       |       |       ||   297
       Dire flail        |       |       |       |   214 |       |       |       |       |       ||   214
       Broad axe         |       |       |       |   312 |  1077 |  1474 |  1457 |  1089 |   495 ||  5904
       Whip              |       |       |       |       |    51 |   130 |       |       |       ||   181
Throw: Stone             |     1 |       |       |       |       |       |       |       |       ||     1
       Dart              |       |     8 |    16 |    69 |    55 |     1 |       |       |       ||   149
Invok: Berserk           |     1 |     1 |     4 |     2 |     6 |     1 |     4 |     4 |     2 ||    25
       Trog's Hand       |       |     1 |     4 |     8 |    20 |    15 |    31 |     8 |     3 ||    90
       Brothers in Arms  |       |       |       |       |     1 |       |     5 |     3 |     2 ||    11
 Abil: Evoke Invisibilit |       |       |       |       |       |       |     2 |     1 |       ||     3
Evoke: Wand              |       |       |       |     4 |    23 |    22 |    28 |       |    10 ||    87
       Tin of tremorston |       |       |       |       |     3 |     2 |     7 |       |     3 ||    15
       Phantom mirror    |       |       |       |       |     1 |     1 |     7 |       |     2 ||    11
       Condenser vane    |       |       |       |       |       |     1 |     4 |     3 |     3 ||    11
       Phial of floods   |       |       |       |       |       |     1 |     2 |       |     1 ||     4
       Lightning rod     |       |       |       |       |       |       |    16 |     8 |     7 ||    31
       Box of beasts     |       |       |       |       |       |       |       |     1 |       ||     1
       Horn of Geryon    |       |       |       |       |       |       |       |       |     1 ||     1
       Piece from Xom's  |       |       |       |       |       |       |       |       |     1 ||     1
  Use: Scroll            |       |     4 |    10 |    13 |    13 |    11 |    32 |     2 |     6 ||    91
       Potion            |       |     1 |     1 |       |     8 |     5 |    20 |     5 |     2 ||    42
 Stab: Distracted        |       |       |       |       |     1 |       |     2 |     9 |     3 ||    15
Armor: Ring mail         |     9 |    20 |       |       |       |       |       |       |       ||    29
       Chain mail        |       |    35 |    80 |       |       |       |       |       |       ||   115
       Plate armour      |       |       |    19 |   309 |   380 |   680 |   459 |   373 |   191 ||  2411
       Gold dragon scale |       |       |       |       |    88 |       |   195 |       |       ||   283
Dodge: Dodged            |    14 |    79 |   125 |   355 |   424 |   604 |   547 |   386 |   203 ||  2737
Block: Buckler           |       |       |       |    24 |   239 |       |       |       |       ||   263
       Reflection        |       |       |       |       |    12 |    60 |    69 |    31 |     3 ||   175
       Kite shield       |       |       |       |       |    78 |   720 |   968 |   749 |   374 ||  2889

Table legend: (Time is in decaauts)
 A = Elapsed time spent in this place.
 B = Non-inter-level travel time spent in this place.
 C = Inter-level travel time spent in this place.
 D = Time resting spent in this place.
 E = Time spent auto-exploring this place.
 F = Levels seen in this place.
 G = Mean time per level.
                   A        B        C        D        E       F      G
               +--------+--------+--------+--------+--------+-----+--------+
         Total |  66233 |  54377 |  11856 |   6751 |  33724 |  55 | 1204.2 |
       Dungeon |  17482 |  12962 |   4520 |   1273 |   8830 |  15 | 1165.5 |
        Temple |    273 |    266 |      7 |      0 |    250 |   1 |  273.0 |
          Lair |   8830 |   6252 |   2578 |    362 |   4459 |   6 | 1471.7 |
         Swamp |   4961 |   4700 |    261 |   1161 |   2337 |   4 | 1240.2 |
     Snake Pit |   5644 |   5179 |    465 |    445 |   3456 |   4 | 1411.0 |
    Slime Pits |   3407 |   3116 |    291 |   1004 |    618 |   5 |  681.4 |
  Orcish Mines |   3732 |   2773 |    959 |    653 |   1598 |   2 | 1866.0 |
   Elven Halls |   5029 |   3634 |   1395 |    204 |   2655 |   3 | 1676.3 |
        Vaults |   7338 |   6449 |    889 |    415 |   4495 |   5 | 1467.6 |
         Crypt |   3203 |   2995 |    208 |    203 |   1963 |   3 | 1067.7 |
        Depths |   3103 |   2824 |    279 |    260 |   1991 |   2 | 1551.5 |
          Hell |     79 |     79 |      0 |      0 |      0 |   1 |   79.0 |
         Abyss |    643 |    643 |      0 |    202 |    136 |   1 |  643.0 |
   Pandemonium |   1501 |   1501 |      0 |    466 |    549 |   1 | 1501.0 |
      Ice Cave |    425 |    425 |      0 |      0 |    205 |   1 |  425.0 |
      Gauntlet |    576 |    576 |      0 |     98 |    178 |   1 |  576.0 |
               +--------+--------+--------+--------+--------+-----+--------+

Top non-repeatable levels by time:
   Orc:2: 2577 daAuts
   Elf:1: 2508 daAuts
    D:11: 2245 daAuts
Depths:1: 1958 daAuts
  Lair:1: 1862 daAuts
  Lair:6: 1819 daAuts
 Snake:4: 1760 daAuts
  Lair:4: 1693 daAuts
 Swamp:1: 1649 daAuts
Vaults:3: 1645 daAuts
 Slime:5: 1625 daAuts
     D:9: 1600 daAuts
Vaults:4: 1549 daAuts
 Snake:1: 1542 daAuts
    D:10: 1501 daAuts
